cohdb
Replays
Latest Replays
All Replays
Popular Replays
Top Player Replays
Match Explorer
How It Works
Community
CoH3 Stats
Reddit
Sign in to upload your games and track your stats! →
Sign in with Steam
Match 43793095
Unlisted
Match 43793095
Overview
Messages
Build Orders
End
Kettenkrad Recon Vehicle
Construct Infanterie Kompanie
Selects Mechanized Battlegroup
Grenadier Squad
Grenadier Squad
MG 42 Machine Gun Team
Construct Luftwaffe Kompanie
Jäger Squad
221 Scout Car
Selects Raid Package
Support Elements
Medical Bunker
Selects 8 Rad Armored Car
8 Rad Armored Car
Jäger Squad
Pioneer Squad
Jäger Squad
Construct Panzer Kompanie
Selects UNKNOWN (2160084)
Stoßtruppen Squad
Selects Spotting Scopes
Selects Stoßtruppen Assault Package
Selects Zeroing Artillery Barrage
Zeroing Artillery Barrage
Panther Heavy Tank
Goodvyn
Airandfelt
0
0
Comments
sign in to comment!
No comments posted yet!